 Dungeon Crawl Stone Soup version 0.26-a0-771-g060e6a62af (webtiles) character file.

Game seed: 16224563041890610577

71 Queen the Grave Robber (level 4, -3/33 HPs)
             Began as a Hill Orc Necromancer on Nov 8, 2020.
             Slain by a gnoll
             ... wielding a +0 halberd
              (6 damage)
             ... on level 2 of the Dungeon.
             The game lasted 00:04:18 (1854 turns).

Queen the Grave Robber (Hill Orc Necromancer)       Turns: 1854, Time: 00:04:19

Health: -3/33      AC:  2    Str: 11    XL:     4   Next: 24%
Magic:  0/6        EV: 12    Int: 15    God:
Gold:   71         SH:  0    Dex: 11    Spells: 1/6 levels left

rFire    . . .     SeeInvis .   j - +0 dagger
rCold    . . .     Faith    .   (no shield)
rNeg     . . .     Spirit   .   a - +0 robe
rPois    .         Reflect  .   (no helmet)
rElec    .         Harm     .   (no cloak)
rCorr    .         Rampage  .   (no gloves)
MR       .....                  (no boots)
Stlth    ++........             (no amulet)
HPRegen  0.11/turn              (no ring)
MPRegen  0.10/turn              (no ring)

@: no status effects
A: no striking features
a: no special abilities


You were on level 2 of the Dungeon.
You visited 1 branch of the dungeon, and saw 2 of its levels.

You collected 71 gold pieces.

Inventory:

Hand Weapons
 j - a +0 dagger (weapon)
Armour
 a - a +0 robe (worn)
Scrolls
 e - a scroll of blinking {unknown}
 f - a scroll of magic mapping {unknown}
 i - a scroll of remove curse {unknown}
 k - a scroll of identify {unknown}
Potions
 b - 2 potions of brilliance {unknown}
 c - a potion of curing {unknown}
 d - a potion of mutation {unknown}
 g - 2 potions of flight {unknown}
 h - a potion of lignification {unknown}
 l - 2 potions of heal wounds {unknown}


   Skills:
 - Level 1.5 Dodging
 - Level 1.5 Stealth
 - Level 1.5 Spellcasting
 + Level 5.6 Necromancy


You had one spell level left.
You knew the following spells:

 Your Spells              Type           Power        Failure   Level
a - Pain                  Necr           ###.         2%          1
b - Animate Skeleton      Necr           ###...       2%          1
c - Vampiric Draining     Necr           ###.......   7%          3

Your spell library contained the following spells:

 Spells                   Type           Power        Failure   Level
 Animate Dead             Necr           ###.......   22%         4
 Agony                    Necr           ###.....     54%         5


Dungeon Overview and Level Annotations

Branches:
Dungeon (2/15)

Altars:


Message History

Aim: a gnoll, wielding a +0 spear and quivering 20 stones (severely wounded, chance to defeat MR: 82%)
The gnoll writhes in agony.
Casting: Pain (safe; 2% risk of failure)
Confirm with . or Enter, or press ? or * to list all spells.
Aiming: Pain (safe; 2% risk of failure)
Press: ? - help, Shift-Dir - straight line, f/p - gnoll
Aim: a gnoll, wielding a +0 spear and quivering 20 stones (severely wounded, chance to defeat MR: 82%)
The gnoll writhes in agony.
You kill the gnoll!
The gnoll hits you from afar with a +0 halberd!
Casting: Pain (safe; 2% risk of failure)
Confirm with . or Enter, or press ? or * to list all spells.
Aiming: Pain (safe; 2% risk of failure)
Press: ? - help, Shift-Dir - straight line, f - gnoll
Aim: a gnoll, wielding a +0 halberd (chance to defeat MR: 84%)
The gnoll writhes in agony.
The gnoll hits you from afar with a +0 halberd!
* * * LOW HITPOINT WARNING * * *
The gnoll hits you from afar with a +0 halberd.
You die...

#...##.....# #.)#
.. ##..g#### #..#
#....#....###..#
#.##.####).....####
#. #.# ###.......##
#. #.#
##.........## # #.#
#)g.........# #.#
#...........# ..
#.@.........#
##(........## #.#
##...#...## #.#
#.####### ####.#
#.# ..#.# ##.#
#.#.######..#
#.#.##......# #####
#...##......#


You could see a gnoll.

Vanquished Creatures
  3 gnolls
  2 dart slugs
  3 giant cockroaches
  3 goblins
  4 hobgoblins (D:1)
  4 jackals (D:1)
  5 kobolds
  A ball python (D:2)
  6 bats
  A frilled lizard (D:2)
  2 rats (D:1)
34 creatures vanquished.

Notes
Turn   | Place    | Note
-------+----------+-------------------------------------------
     0 | D:1      | Queen the Hill Orc Necromancer began the quest for the Orb.
     0 | D:1      | Reached XP level 1. HP: 14/14 MP: 3/3
   518 | D:2      | Reached XP level 2. HP: 20/20 MP: 2/4
   966 | D:1      | Reached XP level 3. HP: 24/26 MP: 1/5
  1045 | D:1      | Reached skill level 5 in Necromancy
  1661 | D:1      | Learned a level 1 spell: Animate Skeleton
  1665 | D:1      | Learned a level 3 spell: Vampiric Draining
  1739 | D:2      | Reached XP level 4. HP: 28/33 MP: 0/6
  1854 | D:2      | Slain by a gnoll

Illustrated notes

Levels and vault maps discovered:
D:1:      evilmike_arrival_hilbert_curve, layout_rooms, minmay_tromino_v4_a
D:2:      layout_rooms, uniq_sigmund

Skill      XL: |  1  2  3 |
---------------+----------+-----
Necromancy     | 5 |  5.6
Dodging        | |  1.5
Stealth        | |  1.5
Spellcasting   | |  1.5

Action                   |  1- 3 |  4- 6 || total
-------------------------+-------+-------++-------
Melee: Unarmed           |    30 |       ||    30
       Dagger            |     3 |       ||     3
 Cast: Pain              |    62 |    12 ||    74
Armor: Robe              |    14 |     1 ||    15
Dodge: Dodged            |    47 |     9 ||    56

Table legend: (Time is in decaauts)
 A = Elapsed time spent in this place.
 B = Non-inter-level travel time spent in this place.
 C = Inter-level travel time spent in this place.
 D = Time resting spent in this place.
 E = Time spent auto-exploring this place.
 F = Levels seen in this place.
 G = Mean time per level.
                   A        B        C        D        E       F      G
               +--------+--------+--------+--------+--------+-----+--------+
         Total |   1857 |   1774 |     83 |   1132 |    339 |   2 |  928.5 |
       Dungeon |   1857 |   1774 |     83 |   1132 |    339 |   2 |  928.5 |
               +--------+--------+--------+--------+--------+-----+--------+

Top non-repeatable levels by time:
     D:1: 1403 daAuts
     D:2: 453 daAuts
